 Seeded DCSS version 0.29.1-15-g9cfb28693d (webtiles) character file.

Game seed: 17936887422911195022 (custom seed)

14731 Psyclone the Thaumaturge (level 11, -5/64 HPs)
             Began as a Deep Elf Conjurer on Sept 22, 2023.
             Was an Initiate of Ashenzari.
             Killed from afar by Lodul (14 damage)
             ... with a bolt of lightning
             ... on level 11 of the Dungeon.
             The game lasted 00:33:09 (15652 turns).

Psyclone the Thaumaturge (Deep Elf Conjurer)       Turns: 15652, Time: 00:33:09

Health: -5/64      AC: 13    Str:  2    XL:     11   Next: 92%
Magic:  22/31      EV: 14    Int: 38    God:    Ashenzari [......]
Gold:   611        SH:  0    Dex: 11    Spells: 25/39 levels left

rFire   . . .      SeeInvis .   a - +4 dagger (venom)
rCold   + + +      Faith    .   (no shield)
rNeg    . . .      Spirit   .   Q - +0 steam dragon scales
rPois   .          Reflect  .   y - +2 helmet
rElec   .          Harm     .   g - +0 cloak
rCorr   .          Rampage  .   (no gloves)
Will    +....                   (no boots)
Stlth   ++........              (no amulet)
HPRegen 0.20/turn               i - ring of Xoifex {rC+++ AC+4 Str-2 Int+10 Dex-2}
MPRegen 0.22/turn               E - ring of wizardry

@: no status effects
A: no striking features
a: Renounce Religion, Curse Item


You were on level 11 of the Dungeon.
You worshipped Ashenzari.
Ashenzari was noncommittal.
You visited 3 branches of the dungeon, and saw 13 of its levels.
You also visited: Ossuary.

You collected 736 gold pieces.
You spent 125 gold pieces at shops.

Inventory:

Hand Weapons
 a - a +4 dagger of venom (weapon)
Missiles
 S - 3 curare-tipped darts
Armour
 g - a +0 cloak (worn)
 y - a +2 helmet (worn)
 K - a +2 robe
 Q - +0 steam dragon scales (worn)
Jewellery
 i - the ring of Xoifex (left hand) {rC+++ AC+4 Str-2 Int+10 Dex-2}
   (You found it on level 3 of the Dungeon)

   [ring of protection]

   AC:        It affects your AC (+4).
   Str:       It affects your strength (-2).
   Int:       It affects your intelligence (+10).
   Dex:       It affects your dexterity (-2).
   rC:        It renders you almost immune to cold.
 n - a ring of protection from cold
 E - a ring of wizardry (right hand)
 I - a ring of protection from cold
 L - a +4 ring of slaying
 R - a ring of protection from fire
Wands
 e - a wand of light (6)
 F - a wand of mindburst (23)
 M - a wand of polymorph (6)
 N - a wand of paralysis (2)
 P - a wand of iceblast (13)
Scrolls
 c - 2 scrolls of enchant weapon {unknown}
 f - 3 scrolls of blinking {unknown}
 h - 11 scrolls of identify {@r1}
 j - a scroll of enchant armour {unknown}
 k - a scroll of torment {unknown}
 l - 5 scrolls of butterflies {unknown}
 m - 2 scrolls of fear {unknown}
 r - 6 scrolls of teleportation {unknown}
 t - 2 scrolls of magic mapping {unknown}
 u - a scroll of summoning {unknown}
 v - 3 scrolls of amnesia {unknown}
 z - 2 scrolls of silence {unknown}
 B - 2 scrolls of noise {unknown}
 J - a scroll of vulnerability
Potions
 b - a potion of magic
 d - 3 potions of flight
 o - a potion of berserk rage {unknown}
 p - 5 potions of haste {unknown}
 q - 4 potions of heal wounds
 s - a potion of might {unknown}
 w - 7 potions of curing
 x - a potion of invisibility {unknown}
 A - a potion of mutation {unknown}
 C - 2 potions of ambrosia {unknown}
 D - 2 potions of cancellation {unknown}
 G - 3 potions of brilliance {unknown}
 H - a potion of lignification {unknown}
 O - 2 potions of degeneration
 U - a potion of attraction {unknown}
Miscellaneous
 T - a box of beasts


   Skills:
 + Level 5.3 Fighting
 + Level 8.2 Dodging
 - Level 2.4 Stealth
 - Level 14.9 Spellcasting
 - Level 13.1 Conjurations
 + Level 6.5 Fire Magic


You had 25 spell levels left.
You knew the following spells:

 Your Spells              Type           Power      Damage    Failure   Level
a - Magic Dart            Conj           100%       1d8       0%          1
b - Searing Ray           Conj           100%       2d8       0%          2
c - Conjure Flame         Conj/Fire      80%        6-21      1%          3
d - Fulminant Prism       Conj/Hex       33%        3d16      1%          4
e - Sticky Flame          Conj/Fire      80%        2d9       1%          4

Your spell library contained the following spells:

 Spells                   Type           Power      Damage    Failure   Level
 Apportation              Tloc           56%        N/A       1%          1
 Summon Small Mammal      Summ           100%       N/A       1%          1
 Call Canine Familiar     Summ           28%        N/A       1%          3
 Dazzling Flash           Conj/Hex       100%       N/A       1%          3
 Ignite Poison            Fire/Tmut/Pois 44%        N/A       1%          3
 Ozocubu's Armour         Ice            28%        N/A       1%          3
 Summon Guardian Golem    Hex/Summ       28%        N/A       1%          3
 Iskenderun's Mystic Bla  Conj/Tloc      67%        2d14      1%          4
 Agony                    Necr           28%        N/A       14%         5
 Silence                  Hex/Air        14%        N/A       14%         5
 Ozocubu's Refrigeration  Ice            14%        4d10      98%         7


Dungeon Overview and Level Annotations

Branches:
Dungeon (11/15) Zot: 25743  Temple (1/1) D:7 Zot: 5776    Lair (1/5) D:8 Zot: 5998
    Orc (0/2) D:9         Ossuary (visited)

Altars:
Ashenzari
Cheibriados
Dithmenos
Elyvilon
Fedhas
Gozag
Hepliaklqana
Kikubaaqudgha
Makhleb
Nemelex Xobeh
Okawaru
Qazlal
Ru
Sif Muna
Trog
Uskayaw
Vehumet
Wu Jian
Xom
Yredelemnul
Zin
The Shining One

Shops:
D:5 !*=

Annotations:
D:7 2 runed translucent doors, exclusion: orange crystal statue
D:11 Lodul


Message History

Confirm with . or Enter, or press ? or * to list all spells.
Aiming: Fulminant Prism (safe; 1% risk of failure)
Press: ? - help, Dir - move target You conjure a prism of explosive energy!
A fulminant prism comes into view.
You now have 24/31 mp.
Your fulminant prism crackles loudly.
An ogre comes into view. It is wielding a +0 giant club.
Your fulminant prism explodes!
The blast of energy engulfs Lodul!!
Lodul is heavily wounded.
Electricity crackles from Lodul's apparatus.
The bolt of lightning hits you!
You hear a bellow!
You take 7 damage, and have 57/64 hp.
Electricity crackles from Lodul's apparatus.
The bolt of lightning hits you!
You take 16 damage, and have 42/64 hp.
MASSIVE DAMAGE!!
Lodul drinks a potion.
Lodul is healed!
Casting: Fulminant Prism (safe; 1% risk of failure)
Confirm with . or Enter, or press ? or * to list all spells.
Aiming: Fulminant Prism (safe; 1% risk of failure)
Press: ? - help, Dir - move target You conjure a prism of explosive energy!
A fulminant prism comes into view.
You now have 21/31 mp.
Your fulminant prism crackles loudly.
You hear an explosion!
The blast of energy engulfs Lodul!!
Lodul is almost dead.
The blast of energy engulfs the ogre!!
You kill the ogre!
Electricity crackles from Lodul's apparatus.
The bolt of lightning hits you!!
Ouch! That really hurt!
* * * LOW HITPOINT WARNING * * *
You take 34 damage, and have 9/64 hp.
MASSIVE DAMAGE!!
Electricity crackles from Lodul's apparatus.
The bolt of lightning hits you!
You die...

#########)###### ###
..# #...# #.## #.#
###.###..# #.# #.#
#...#..# #.# #.#
###.#..# #.# #.#
#.#..# #.# ##.###
#.#<.# #.# #....#
#.#..# #.# #..#.#
#.†@.###*#####.##.##
##.......O).........
#..)###.########.#.
##...##.# .#.
#........# O#
#........# ..
#........#
#........#
#........#


You could see Lodul.

Vanquished Creatures
  Snorg (D:11)
  A hydra (D:11)
  A two-headed ogre (D:11)
  Amaemon (D:10)
  Sonja (D:11)
  Pikel (D:7)
  A salamander (shapeshifter) (D:11)
  A cyclops (D:11)
  A manticore (D:11)
  Maggie (D:10)
  An orange demon (D:10)
  2 trolls
  Prince Ribbit (D:6)
  3 slime creatures (D:11)
  Sigmund (D:6)
  A wraith (D:9)
  2 wyverns (D:8)
  16 yaks
  A basilisk (D:8)
  A steam dragon (D:9)
  Menkaure (D:5)
  5 water moccasins
  2 orc warriors (D:9)
  A sky beast (D:7)
  4 black bears
  8 ogres
  7 centaurs
  A kobold brigand (D:6)
  2 phantoms
  A lemure (D:7)
  7 bullfrogs
  2 necrophages
  7 scorpions
  5 wights (D:6)
  8 killer bees
  2 howler monkeys (D:11)
  4 hounds
  2 gnoll boudas (D:5)
  Crazy Yiuf (D:7)
  2 orc priests (D:9)
  A jelly (D:5)
  6 iguanas
  5 orc wizards
  8 mummies (Ossuary)
  6 adders
  10 gnolls (D:5)
  2 white imps
  2 ufetubi
  2 worms
  A dart slug (D:4)
  34 orcs
  6 endoplasms
  7 giant cockroaches
  3 gnoll zombies (Ossuary)
  8 goblins
  6 hobgoblins
  3 jackals (D:4)
  3 quokkas
  7 ball pythons
  3 bats
  4 frilled lizards
  3 hobgoblin zombies (Ossuary)
  6 kobolds
  2 orc zombies (Ossuary)
  9 rats
258 creatures vanquished.

Vanquished Creatures (others)
  80 fulminant prisms
  4 fungi (D:8)
  20 plants
104 creatures vanquished.

Grand Total: 362 creatures vanquished

Notes
Turn   | Place    | Note
-------+----------+-------------------------------------------
     0 | D:1      | Psyclone the Deep Elf Conjurer began the quest for the Orb.
     0 | D:1      | Reached XP level 1. HP: 10/10 MP: 6/6
   447 | D:1      | Reached XP level 2. HP: 15/15 MP: 5/8
  1143 | D:1      | Found a faded altar of an unknown god.
  1207 | D:2      | Reached skill level 4 in Spellcasting
  1207 | D:2      | Reached skill level 5 in Conjurations
  1207 | D:2      | Reached XP level 3. HP: 19/19 MP: 5/10
  2127 | D:3      | Found an ornate altar of the Wu Jian Council.
  2163 | D:3      | Identified the ring of Xoifex {rC+++ AC+4 Str-2 Int+10
                  | Dex-2}
  2221 | D:3      | Reached XP level 4. HP: 23/24 MP: 2/12
  2324 | D:3      | Learned a level 2 spell: Searing Ray
  2329 | D:3      | Learned a level 4 spell: Fulminant Prism
  2615 | D:3      | Reached skill level 5 in Spellcasting
  3255 | D:4      | Noticed a black bear
  3265 | D:4      | Killed a black bear
  3266 | D:4      | Reached XP level 5. HP: 28/28 MP: 8/15
  3421 | D:4      | Reached skill level 6 in Spellcasting
  3598 | D:4      | Noticed a black bear
  3604 | D:4      | Killed a black bear
  3605 | D:4      | Reached XP level 6. HP: 32/32 MP: 9/17
  3996 | D:4      | Found a glowing golden altar of the Shining One.
  4041 | D:4      | Reached skill level 7 in Spellcasting
  4256 | D:4      | Found a bloodstained altar of Trog.
  4336 | D:4      | Found a white marble altar of Elyvilon.
  4570 | D:5      | Entered Level 5 of the Dungeon
  4577 | D:5      | Reached XP level 7. HP: 36/36 MP: 12/20
  4980 | D:5      | Reached skill level 8 in Spellcasting
  5029 | D:5      | Found Fazieteh's Distillery.
  5053 | D:5      | Bought a potion of heal wounds for 55 gold pieces
  5252 | D:5      | Noticed Menkaure
  5257 | D:5      | Killed Menkaure
  5436 | D:5      | Reached skill level 9 in Spellcasting
  5438 | D:5      | Reached XP level 8. HP: 41/41 MP: 14/23
  5490 | D:5      | Found Ifiorph's General Store.
  5497 | D:5      | Bought a potion of curing for 42 gold pieces
  5497 | D:5      | Bought a scroll of identify for 28 gold pieces
  5754 | D:5      | Identified the +1 scale mail "Lemosih" {rElec rF+ rC-
                  | rCorr}
  5928 | D:5      | Found Xycsolle's Jewellery Shoppe.
  6444 | D:6      | Noticed Prince Ribbit
  6461 | D:6      | Killed Prince Ribbit
  6462 | D:6      | Reached skill level 10 in Spellcasting
  6553 | D:6      | Noticed Sigmund
  6563 | D:6      | Killed Sigmund
  6627 | D:6      | Reached skill level 11 in Spellcasting
  6627 | D:6      | Reached skill level 10 in Conjurations
  6643 | D:6      | Found a sand-covered staircase.
  6695 | Ossuary  | Entered an ossuary
  7049 | Ossuary  | Reached XP level 9. HP: 45/45 MP: 21/26
  7316 | D:6      | Found a burning altar of Makhleb.
  7908 | D:6      | Reached skill level 12 in Spellcasting
  8450 | D:7      | Noticed Pikel
  8456 | D:7      | Killed Pikel
  8464 | D:7      | Reached skill level 13 in Spellcasting
  8615 | D:7      | Found a staircase to the Ecumenical Temple.
  8621 | Temple   | Entered the Ecumenical Temple
  8825 | Temple   | Became a worshipper of Ashenzari the Shackled
  8978 | D:7      | Found a runed translucent door.
  9442 | D:7      | Found a runed translucent door.
  9443 | D:7      | Noticed Crazy Yiuf
  9451 | D:7      | Killed Crazy Yiuf
  9602 | D:7      | Found the +10 tower shield of Ignorance {rN+ Int-4}
  9618 | D:7      | Found a runed translucent door.
  9619 | D:7      | Noticed an orange crystal statue
  9765 | D:7      | Found a sacrificial altar of Ru.
 10097 | D:8      | Reached XP level 10. HP: 49/50 MP: 24/29
 10133 | D:8      | Reached skill level 14 in Spellcasting
 10539 | D:8      | Identified the +5 sling "Owobeimm" {speed, Dex+3}
 10816 | D:8      | Found a staircase to the Lair.
 10938 | D:8      | Reached skill level 1 in Fighting
 10977 | D:8      | Found a hide-covered altar of Uskayaw.
 11564 | D:9      | Learned a level 3 spell: Conjure Flame
 11637 | D:9      | Found a staircase to the Orcish Mines.
 11741 | D:9      | Reached skill level 1 in Fire Magic
 12015 | D:9      | Reached XP level 11. HP: 53/58 MP: 13/31
 12315 | D:9      | Reached skill level 5 in Dodging
 12539 | D:9      | Found a shimmering altar of Xom.
 12739 | D:9      | Found a blossoming altar of Fedhas.
 12798 | Lair:1   | Entered Level 1 of the Lair of Beasts
 12844 | D:10     | Entered Level 10 of the Dungeon
 12844 | D:10     | Noticed Maggie
 12975 | D:10     | Killed Maggie
 13378 | D:10     | Found a shimmering blue altar of Sif Muna.
 13415 | D:10     | Got Sif Muna's Enchiridion on Superposition
 13430 | D:10     | Learned a level 4 spell: Sticky Flame
 14067 | D:10     | Noticed Amaemon
 14077 | D:10     | Killed Amaemon
 14550 | D:11     | Noticed a five-headed hydra
 14607 | D:11     | Killed a five-headed hydra
 14820 | D:11     | Noticed Sonja
 14823 | D:11     | Killed Sonja
 14824 | D:11     | Reached skill level 5 in Fire Magic
 14887 | D:11     | Noticed a two-headed ogre
 14897 | D:11     | Killed a two-headed ogre
 15011 | D:11     | Noticed Snorg
 15038 | D:11     | Killed Snorg
 15039 | D:11     | Reached skill level 5 in Fighting
 15207 | D:11     | Found a glowing golden altar of the Shining One.
 15636 | D:11     | Noticed Lodul
 15652 | D:11     | Killed from afar by Lodul

Illustrated notes

Levels and vault maps discovered:
D:1:      amcnicky_arrival_double_pillar, layout_loops_corners,
          hellmonk_ecumenical_altar_inner_sanctum
D:2:      layout_basic, hangedman_decor_clover_reticule,
          kennysheep_generic_room_12
D:3:      layout_basic, nicolae_wu_jian_wuxing_cycle
D:4:      layout_loops_cross, trog_butcher_becter, lemuel_tele_altar,
          nicolae_elyvilon_temple_path
D:5:      layout_loops_corners, serial_shops, nicolae_shop_advertising_works
          [nicolae_subvault_shop_adworks], shop, kennysheep_mini, uniq_menkaure
D:6:      layout_loops_cross, makhleb_blood_cavern_becter, enter_ossuary_5,
          uniq_sigmund, uniq_prince_ribbit1
D:7:      layout_gridville, nicolae_ru_path_of_blood, minmay_temple_entry_hall,
          chequers_guarded_unrand_ignorance, uniq_pikel, uniq_crazy_yiuf_cottage
D:8:      layout_basic, nicolae_overflow_crystal_walls, minmay_lair_entry_grove
D:9:      layout_cave_pools, fedhas_altar_fruit_tree, xom_butterflies,
          minmay_orc_entry_temple_small
D:10:     layout_stronghold, led_sif_book, chequers_serial_rivers_micro_d,
          uniq_maggie, uniq_amaemon
D:11:     layout_basic, nicolae_tso_swordbearing_angel, uniq_sonja, uniq_snorg,
          uniq_lodul
Temple:   nicolae_temple_slightly_damp_pantheon
Lair:1:   layout_hall_layers, serial_bayou_shore_a, infiniplex_staircase_pool_2

Skill      XL: |  1  2  3  4  5  6  7  8  9 10 11 |
---------------+----------------------------------+-----
Spellcasting   | 4 5 6 7 9 11 13 14 | 14.9
Conjurations   | 5 6 7 8 10 11 13 | 13.1
Fighting       | 2 5 |  5.3
Dodging        | 4 8 |  8.2
Fire Magic     | 2 6 |  6.5
Stealth        | |  2.4

Action                   |  1- 3 |  4- 6 |  7- 9 | 10-12 || total
-------------------------+-------+-------+-------+-------++-------
Melee: Dagger            |       |       |     1 |    13 ||    14
 Cast: Magic Dart        |    71 |   119 |   117 |    24 ||   331
       Searing Ray       |       |     4 |    59 |    37 ||   100
       Fulminant Prism   |       |       |     9 |    72 ||    81
  Use: Potion            |       |       |     1 |     1 ||     2
       Scroll            |       |       |       |     2 ||     2
Armor: Robe              |     1 |     6 |    32 |    44 ||    83
       Steam dragon scal |       |       |       |    11 ||    11
Dodge: Dodged            |     2 |    13 |    50 |    79 ||   144
